 Dungeon Crawl Stone Soup version 0.28.0-45-g0d030f2227 (webtiles) character file.

Game seed: 15086306546477135345

61 sking99 the Insei (level 3, -2/20 HPs)
             Began as a Deep Elf Transmuter on May 20, 2022.
             Succumbed to an adder's poison
             ... on level 2 of the Dungeon.
             The game lasted 00:02:35 (2267 turns).

sking99 the Insei (Deep Elf Transmuter)             Turns: 2267, Time: 00:02:36

Health: -2/20      AC:  2    Str:  7    XL:     3   Next: 83%
Magic:  9/9        EV: 13    Int: 17    God:
Gold:   57         SH:  0    Dex: 17    Spells: 2/8 levels left

rFire   . . .      SeeInvis .     - Unarmed
rCold   . . .      Faith    .   (no shield)
rNeg    . . .      Spirit   .   a - +0 robe
rPois   .          Reflect  .   (helmet currently unavailable)
rElec   .          Harm     .   (no cloak)
rCorr   .          Rampage  .   (no gloves)
Will    .....                   (boots currently unavailable)
Stlth   ++........              (no amulet)
HPRegen 0.06/turn               (no ring)
MPRegen 0.11/turn               (no ring)

@: lethally poisoned (-2 -> -15), appendages
A: horns 2, talons 2
a: End Transformation


You were on level 2 of the Dungeon.
You had temporarily grown beastly horns and talons.
You visited 1 branch of the dungeon, and saw 2 of its levels.

You collected 57 gold pieces.

Inventory:

Armour
 a - a +0 robe (worn)
Jewellery
 d - the ring of Caonn {rPois rN+ Will+ Int+5 Dex-4}
   (You found it on level 2 of the Dungeon)

   [ring of willpower]

   Int:       It affects your intelligence (+5).
   Dex:       It affects your dexterity (-4).
   rPois:     It protects you from poison.
   rN:        It protects you from negative energy.
   Will:      It increases your willpower.
Scrolls
 b - a scroll of immolation {unknown}
 e - 2 scrolls of amnesia {unknown}
Potions
 c - a potion of brilliance {unknown}
 g - a potion of might {unknown}


   Skills:
 - Level 0.7 Fighting
 - Level 3.2 Dodging
 - Level 3.2 Unarmed Combat
 - Level 3.0 Spellcasting
 + Level 2.6 Transmutations
 + Level 1.2 Poison Magic


You had 2 spell levels left.
You knew the following spells:

 Your Spells              Type           Power      Damage    Failure   Level
a - Beastly Appendage     Tmut           22%        N/A       6%          1
b - Wereblood             Tmut           11%        N/A       9%          2
c - Spider Form           Tmut/Pois      9%         N/A       24%         3

Your spell library contained the following spells:

 Spells                   Type           Power      Damage    Failure   Level
 Ice Form                 Ice/Tmut       7%         N/A       69%         4


Dungeon Overview and Level Annotations

Branches:
Dungeon (2/15)

Altars:


Innate Abilities, Weirdness & Mutations

You have temporarily grown beastly horns and talons.


Message History

No target in view!
You open the door.
There is an open door here.
An adder comes into view.
The adder hisses angrily.
An adder is nearby!
Found a dagger.
Casting: Beastly Appendage (safe; 6% risk of failure)
Confirm with . or Enter, or press ? or * to list all spells.
You grow a pair of large bovine horns.
Your feet morph into talons.
You miss the adder. You claw the adder, but do no damage.
Your headbutt misses the adder. The adder bites you.
You are poisoned.
The adder poisons you!
You miss the adder.
You headbutt the adder, but do no damage.
You feel sick. The adder bites you but does no damage.
You miss the adder.
You feel sick. The adder bites you but does no damage.
You hit the adder. You headbutt the adder.
The adder is severely wounded.
You feel sick. The adder closely misses you.
You miss the adder. You claw the adder.
The adder is almost dead.
You feel sick. The adder bites you but does no damage. The adder bites you.
You are more poisoned.
The adder poisons you!
You hit the adder. Your kick misses the adder. Your headbutt misses the adder.
The adder is almost dead.
You feel sick. The adder bites you.
* * * LOW HITPOINT WARNING * * *
You barely miss the adder. You claw the adder, but do no damage.
Your headbutt misses the adder.
The adder is almost dead.
* * * LOW HITPOINT WARNING * * *
You feel sick. The adder bites you.
* * * LOW HITPOINT WARNING * * *
You are more poisoned.
The adder poisons you!
It was a potion of magic.
Magic courses through your body.
You die...

#.#
#############.#######
#....................
#....########.#......
#...............#####
#............(...... .
#..............##.#.....
#....########'###.#.....
#..>...........@S.......
#.......###.#.###.......
#####...###+#.###.......
#.....#.......#..#####
#.....#.......#..#
#.....#.......+).+
#.....#..รท....####.
#....##.............
#....####.###.......


You could see an adder.

Vanquished Creatures
  A gnoll (D:1)
  2 adders (D:2)
  4 ball pythons (D:1)
  6 endoplasms
  A giant cockroach (D:1)
  3 hobgoblins (D:1)
  3 kobolds
  4 quokkas (D:1)
  3 bats
  3 rats (D:1)
30 creatures vanquished.

Notes
Turn   | Place    | Note
-------+----------+-------------------------------------------
     0 | D:1      | sking99 the Deep Elf Transmuter began the quest for the
                  | Orb.
     0 | D:1      | Reached XP level 1. HP: 11/11 MP: 6/6
   282 | D:1      | Reached XP level 2. HP: 13/16 MP: 8/8
  1560 | D:1      | Reached XP level 3. HP: 16/20 MP: 7/9
  1575 | D:1      | Learned a level 2 spell: Wereblood
  1579 | D:1      | Learned a level 3 spell: Spider Form
  1821 | D:2      | Identified the ring of Caonn {rPois rN+ Will+ Int+5 Dex-4}
  1891 | D:2      | Found a faded altar of an unknown god.
  2036 | D:2      | Reached skill level 1 in Poison Magic
  2266 | D:2      | HP: 1/20 [adder (2)]
  2267 | D:2      | Succumbed to an adder's poison

Illustrated notes

Levels and vault maps discovered:
D:1:      lightli_arrival_lavapool, layout_loops_corners
D:2:      layout_basic, serial_shops, shop, ebering_ecumenical_altar_hall

Skill      XL: |  1  2  3 |
---------------+----------+-----
Unarmed Combat | 3 |  3.2
Dodging        | 3 |  3.2
Poison Magic   | 1 |  1.2
Fighting       | |  0.7
Spellcasting   | |  3.0
Transmutations | |  2.6

Action                   || total
-------------------------++-------
Melee: Unarmed           ||   106
       Kick              ||    26
       Headbutt          ||    14
       Punch             ||     5
 Cast: Beastly Appendage ||    20
  Use: Potion            ||     1
 Stab: Sleeping          ||     3
Armor: Robe              ||    20
Dodge: Dodged            ||    64
